 Dungeon Crawl Stone Soup version 0.28-a0-1415-g7c84da036a (webtiles) character file.

Game seed: 12904710925642805364

16 test the Ducker (level 2, 29/29 HPs)
             Began as a Troll Fighter on May 9, 2021.
             Got out of the dungeon alive.
             The game lasted 00:03:04 (351 turns).

test the Ducker (Troll Fighter)                      Turns: 351, Time: 00:03:04

Health: 29/29      AC:  4    Str: 23    XL:     2   Next: 37%
Magic:  1/1        EV:  8    Int:  4    God:
Gold:   10         SH:  7    Dex:  9    Spells: 1/1 levels left

rFire   . . .      SeeInvis .   a - +0 war axe
rCold   . . .      Faith    .   c - +0 kite shield
rNeg    . . .      Spirit   .   b - +0 robe
rPois   .          Reflect  .   (helmet restricted)
rElec   .          Harm     .   (no cloak)
rCorr   .          Rampage  .   (gloves unavailable)
Will    .....                   (boots unavailable)
Stlth   +.........              (no amulet)
HPRegen 0.89/turn               (no ring)
MPRegen 0.07/turn               (no ring)

@: no status effects
A: large, unfitting armour, claws 3, regeneration 1, shaggy fur 1, tough skin 1
a: no special abilities


You escaped.
You visited 1 branch of the dungeon, and saw 1 of its levels.

You collected 10 gold pieces.

Inventory:

Hand Weapons
 a - a +0 war axe (weapon)
 e - a +0 dagger
 f - a +0 dagger
 h - a +0 dagger
 j - a +0 club
 k - a +0 whip
Missiles
 i - 42 stones (quivered)
Armour
 b - a +0 robe (worn)
 c - a +0 kite shield (worn)
 l - a +0 ring mail
Potions
 d - a potion of might
 g - 2 potions of heal wounds {unknown}


   Skills:
 + Level 2.6 Fighting
 + Level 1.8 Axes
 + Level 2.6 Dodging
 + Level 2.6 Shields


You had one spell level left.
You didn't know any spells.
Your spell library was empty.

Dungeon Overview and Level Annotations

Branches:
Dungeon (1/15)

Altars:


Innate Abilities, Weirdness & Mutations

You are too large for most types of armour.
You have claws for hands.
Your natural rate of healing is unusually fast.
You are covered in fur. (AC +1)
You have tough skin. (AC +1)


Message History

The giant cockroach barely misses you. You block the giant cockroach's attack.
You barely miss the giant cockroach.
The giant cockroach is moderately wounded.
You block the giant cockroach's attack. x2
You slash the giant cockroach!
You kill the giant cockroach!
Things that are here:
a +0 club; a giant cockroach corpse; a goblin corpse
j - a +0 club
Things that are here:
a +0 whip; a kobold corpse; a bat corpse
k - a +0 whip You see here a +0 ring mail.
l - a +0 ring mail This armour is too small for you!
A hobgoblin comes into view.
The hobgoblin shouts!
Found a faded altar of an unknown god.
The hobgoblin barely misses you. The hobgoblin hits you.
You closely miss the hobgoblin. The hobgoblin closely misses you.
You block the hobgoblin's attack.
You hit the hobgoblin.
You kill the hobgoblin!
Welcome back, test the Troll Fighter.
Press ? for a list of commands and other information.
Things that are here:
a kobold corpse; a bat corpse
There is a faded altar of an unknown god here.
There is a large open door here.
You see here a goblin corpse.
i - 42 stones (gained 24)
Things that are here:
a ball python skeleton; a quokka skeleton
There is an empty arch of ancient stone here.
There is a staircase leading out of the dungeon here.
Are you sure you want to leave the Dungeon?
This will make you lose the game!
Uppercase [Y]es or [N]o only, please.
Are you sure you want to leave the Dungeon?
This will make you lose the game!
You have escaped!

.. # ## # .. ..
##.#############
...#.$.........# #
##.8.♣.8.♣.8.##
###.............##
..∩.≈≈≈≈≈≈≈≈≈≈≈.@#
###.............##
..##.8.♣.8.♣.8.##
#..#...........#
#.#############
... #####. ...# .#
...# .


There were no monsters in sight!

Vanquished Creatures
  2 ball pythons (D:1)
  2 bats (D:1)
  A giant cockroach (D:1)
  3 goblins (D:1)
  A hobgoblin (D:1)
  A quokka (D:1)
  A frilled lizard (D:1)
  2 kobolds (D:1)
  2 rats (D:1)
15 creatures vanquished.

Notes
Turn   | Place    | Note
-------+----------+-------------------------------------------
     0 | D:1      | test the Troll Fighter began the quest for the Orb.
     0 | D:1      | Reached XP level 1. HP: 22/22 MP: 0/0
   141 | D:1      | Reached XP level 2. HP: 29/29 MP: 1/1
   220 | D:1      | Found a faded altar of an unknown god.
   227 | D:1      | Upgraded the game from 0.27-a0-1140-g099f9bb0e8 to
                  | 0.28-a0-1415-g7c84da036a
   351 | D:$      | Got out of the dungeon alive.

Illustrated notes

Levels and vault maps discovered:
D:1:      mainiacjoe_arrival_reflecting_pool, layout_basic,
          hellmonk_ecumenical_altar_prayer_group, grunt_decor_arrowhead

Action                   || total
-------------------------++-------
Melee: War axe           ||    41
Armor: Robe              ||    23
Dodge: Dodged            ||    26
Block: Kite shield       ||    35

Table legend: (Time is in decaauts)
 A = Elapsed time spent in this place.
 B = Non-inter-level travel time spent in this place.
 C = Inter-level travel time spent in this place.
 D = Time resting spent in this place.
 E = Time spent auto-exploring this place.
 F = Levels seen in this place.
 G = Mean time per level.
                   A        B        C        D        E       F      G
               +--------+--------+--------+--------+--------+-----+--------+
         Total |    376 |    254 |    122 |      0 |      0 |   1 |  376.0 |
       Dungeon |    376 |    254 |    122 |      0 |      0 |   1 |  376.0 |
               +--------+--------+--------+--------+--------+-----+--------+

Top non-repeatable levels by time:
     D:1: 376 daAuts
